 Dungeon Crawl Stone Soup version 0.27-a0-1381-g81fdcbfb23 (webtiles) character file.

Game seed: 17903313987271137445

1071 Nattfarinn the Insei (level 8, -4/54 HPs)
             Began as an Octopode Transmuter on June 30, 2021.
             Was an Initiate of Gozag.
             Killed from afar by Maggie (24 damage)
             ... with a bolt of fire
             ... on level 6 of the Dungeon.
             The game lasted 00:10:43 (7761 turns).

Nattfarinn the Insei (Octopode Transmuter)          Turns: 7761, Time: 00:10:44

Health: -4/54      AC:  1    Str: 11    XL:     8   Next: 28%
Magic:  11/11      EV: 14    Int: 15    God:    Gozag
Gold:   361        SH:  0    Dex: 13    Spells: 2/11 levels left

rFire    . . .     SeeInvis .     - Unarmed
rCold    . . .     Faith    .   (no shield)
rNeg     . . .     Spirit   .   (helmet restricted)
rPois    +         Reflect  .   (no amulet)
rElec    .         Harm     .   g - ring of poison resistance
rCorr    .         Rampage  .   (no ring)
Will     .....                  (no ring)
Stlth    ++........             (no ring)
HPRegen  0.18/turn              (no ring)
MPRegen  0.12/turn              (no ring)
                                (no ring)
                                (no ring)

@: no status effects
A: almost no armour, amphibious, 8 rings, camouflage 1, gelatinous body 1,
(nimble swimmer 1), tentacles
a: Renounce Religion, Potion Petition, Call Merchant, Bribe Branch


You were on level 6 of the Dungeon.
You worshipped Gozag.
Gozag was aware of your devotion.
You visited 2 branches of the dungeon, and saw 7 of its levels.

You collected 413 gold pieces.
You paid 52 gold pieces to Gozag.

Inventory:

Jewellery
 g - a ring of poison resistance (left tentacle)
 k - a +4 ring of evasion
Wands
 m - a wand of polymorph (2)
Scrolls
 a - 4 scrolls of enchant armour
 b - 4 scrolls of magic mapping {unknown}
 c - a scroll of vulnerability {unknown}
 h - a scroll of identify
 j - a scroll of silence {unknown}
 l - a scroll of holy word {unknown}
 n - a scroll of teleportation
 q - a scroll of torment {unknown}
 s - a scroll of fog {unknown}
Potions
 d - a potion of cancellation
 e - 2 potions of magic {unknown}
 f - 2 potions of haste {unknown}
 i - a potion of curing {unknown}
 o - a potion of mutation {unknown}
 p - a potion of degeneration {unknown}
 r - a potion of might {unknown}


   Skills:
 + Level 4.3 Fighting
 + Level 3.9 Dodging
 * Level 5.4 Unarmed Combat
 - Level 2.0 Spellcasting
 - Level 4.3 Transmutations
 - Level 5.3 Poison Magic


You had 2 spell levels left.
You knew the following spells:

 Your Spells              Type           Power      Damage    Failure   Level
a - Ice Form              Ice/Tmut       8%         N/A       65%         4
b - Spider Form           Tmut/Pois      8%         N/A       9%          3
c - Wereblood             Tmut           14%        N/A       5%          2

Your spell library contained the following spells:

 Spells                   Type           Power      Damage    Failure   Level
 Beastly Appendage        Tmut           28%        N/A       3%          1
 Foxfire                  Conj/Fire      4%         2x1d4     22%         1
 Magic Dart               Conj           4%         1d3       22%         1
 Blink                    Tloc           N/A        N/A       32%         2
 Call Imp                 Summ           1%         N/A       32%         2
 Searing Ray              Conj           2%         3d3       32%         2
 Slow                     Hex            1%         N/A       32%         2
 Mephitic Cloud           Conj/Pois/Air  6%         N/A       32%         3
 Conjure Flame            Conj/Fire      1%         6-21      54%         3
 Dazzling Flash           Conj/Hex       2%         N/A       54%         3
 Inner Flame              Hex/Fire       1%         N/A       54%         3
 Fulminant Prism          Conj/Hex       0%         3d6       91%         4
 Iskenderun's Mystic Bla  Conj/Tloc      1%         2d3       91%         4
 Sticky Flame             Conj/Fire      1%         2d3       91%         4
 Fireball                 Conj/Fire      0%         3d3       99%         5


Dungeon Overview and Level Annotations

Branches:
Dungeon (6/15)             Temple (1/1) D:4

Altars:
Ashenzari
Cheibriados
Dithmenos
Elyvilon
Fedhas
Gozag
Kikubaaqudgha
Nemelex Xobeh
Okawaru
Qazlal
Ru
Sif Muna
Trog
Wu Jian
Xom
Zin
The Shining One

Shops:
D:5 :

Annotations:
D:3 1 runed translucent door, Crazy Yiuf
D:6 Maggie


Innate Abilities, Weirdness & Mutations

You cannot wear most types of armour.
You are amphibious.
You can wear up to eight rings at the same time.
Your skin changes colour to match your surroundings (Stealth+).
Your rubbery body absorbs attacks. (AC +1, EV +1)
((You are camouflaged near water. (Stealth+)))
You have tentacles for arms and can constrict up to eight enemies at once.


Message History

Maggie the Vainglorious comes into view.
She is wielding a +0 halberd.
You see here a +0 club.
You turn into a venomous arachnid creature.
Maggie misses you.
You see here a +0 club.
Maggie gestures wildly while chanting.
Maggie attempts to bespell you!
You are mesmerised by Maggie!
You completely miss Maggie. Maggie completely misses you.
You bite Maggie!
Maggie is lightly wounded.
Maggie mutters to herself, "Master Lance won't take me back.
This is the way forward."
Maggie closely misses you.
You hit Maggie but do no damage.
Maggie is poisoned.
Maggie is lightly wounded.
Maggie gestures at you while chanting. The bolt of fire misses you.
You hit Maggie but do no damage.
Maggie is lightly wounded.
Maggie hits you with a +0 halberd!
You hit Maggie but do no damage.
Maggie is moderately wounded.
Maggie drinks a potion.
Maggie flickers and vanishes!
Deactivating autopickup; reactivate with Ctrl-A.
You hit something but do no damage. Something hits you.
You hit something but do no damage. Something hits you!
You cannot move away from something!
Unknown command.
Your magical effects are unravelling.
You feel magically purged.
Your transformation has ended.
You break out of your daze.
Something completely misses you. Something barely misses you.
You see here a +0 club.
You hear some strange, mumbled words.
A bolt of fire appears from out of thin air!
The bolt of fire hits you!!
You die...
Your body crumbles into a pile of gold.

#.................#..
#................##..
#....................
#....................
###..............#...
#...#######.......)
##.## ...###.....#
#.# ≈≈...##...## ##@#
≈≈≈......... #..#
≈≈...##)..## ##..##
...###.....#
#...{#######........
#..(................
#...####.####.......
#...# #.# #...(...
.....# #.# #######.
#...### #.# #.


There were no monsters in sight!

Vanquished Creatures
  Sigmund (D:2)
  A steam dragon (D:6)
  Edmund (D:5)
  A necrophage (D:5)
  A centaur (D:5)
  A scorpion (D:6)
  A centaur zombie (D:5)
  2 hounds
  A jelly (D:6)
  An iguana (D:5)
  Jessica (D:2)
  Terence (D:3)
  Natasha (thrice) (D:3)
  A gnoll (D:1)
  3 adders
  A shadow imp (D:6)
  A white imp (D:6)
  A worm (D:3)
  A dart slug (D:5)
  4 orcs (D:4)
  9 ball pythons
  10 endoplasms
  2 giant cockroaches
  10 goblins
  7 hobgoblins
  14 jackals
  6 quokkas
  4 bats (D:1)
  2 frilled lizards (D:1)
  3 kobolds
  6 rats
101 creatures vanquished.

Vanquished Creatures (others)
  5 withered plants (D:2)
5 creatures vanquished.

Grand Total: 106 creatures vanquished

Notes
Turn   | Place    | Note
-------+----------+-------------------------------------------
     0 | D:1      | Nattfarinn the Octopode Transmuter began the quest for the
                  | Orb.
     0 | D:1      | Reached XP level 1. HP: 13/13 MP: 3/3
   250 | D:1      | Reached skill level 1 in Poison Magic
   255 | D:1      | Reached XP level 2. HP: 11/18 MP: 5/5
  1139 | D:1      | Reached XP level 3. HP: 9/23 MP: 6/6
  1835 | D:2      | Noticed Jessica
  1843 | D:2      | Killed Jessica
  1844 | D:2      | Reached XP level 4. HP: 14/28 MP: 7/7
  2054 | D:2      | Learned a level 3 spell: Spider Form
  2112 | D:2      | Noticed Sigmund
  2483 | D:2      | Killed Sigmund
  2484 | D:2      | Reached XP level 5. HP: 11/36 MP: 5/8
  2484 | D:2      | Reached XP level 6. HP: 13/42 MP: 5/9
  3482 | D:2      | Found a faded altar of an unknown god.
  3720 | D:3      | Found a runed translucent door.
  3721 | D:3      | Noticed Crazy Yiuf
  3759 | D:3      | Noticed Natasha
  3766 | D:3      | Killed Natasha
  3947 | D:3      | Noticed Natasha
  3955 | D:3      | Killed Natasha
  4117 | D:3      | Noticed Terence
  4126 | D:3      | Killed Terence
  4265 | D:3      | Noticed Natasha
  4279 | D:3      | Killed Natasha
  4528 | D:4      | Found a staircase to the Ecumenical Temple.
  4540 | Temple   | Entered the Ecumenical Temple
  4840 | Temple   | Became a worshipper of Gozag Ym Sagoz the Greedy
  5796 | D:5      | Entered Level 5 of the Dungeon
  5811 | D:5      | Reached XP level 7. HP: 27/47 MP: 10/10
  6701 | D:5      | Found Pemonum's Book Shoppe.
  6840 | D:5      | Noticed Edmund
  6855 | D:5      | Killed Edmund
  6856 | D:5      | Reached skill level 5 in Poison Magic
  7061 | D:6      | Reached XP level 8. HP: 54/54 MP: 7/11
  7071 | D:6      | Learned a level 4 spell: Ice Form
  7074 | D:6      | Learned a level 2 spell: Wereblood
  7304 | D:6      | Reached skill level 5 in Unarmed Combat
  7711 | D:6      | Found a glowing silver altar of Zin.
  7733 | D:6      | Noticed Maggie
  7761 | D:6      | Killed from afar by Maggie

Illustrated notes

Levels and vault maps discovered:
D:1:      erik_arrival_orb_chamber, layout_basic, st_stairs_4,
          minmay_misc_feat_tower, minmay_misc_feat_five, hex_tiny
D:2:      layout_basic, shapermc_ecumenical_altar_flowoftime, uniq_sigmund,
          uniq_jessica
D:3:      layout_rooms, chequers_serial_rivers_small_a,
          minmay_increasing_density, uniq_natasha, uniq_crazy_yiuf_cottage,
          uniq_terence
D:4:      layout_basic, minmay_temple_entry_mist
D:5:      layout_basic, serial_shops, shop_fountains, uniq_edmund
D:6:      layout_basic, zin_scriptorium, serial_shops, nicolae_lakefront_shop,
          minmay_fire_ice_demons, uniq_maggie, uniq_blork_the_orc
Temple:   minmay_temple_bridge_d

Skill      XL: |  1  2  3  4  5  6  7  8 |
---------------+-------------------------+-----
Poison Magic   | 1 2 3 5 |  5.3
Fighting       | 3 4 |  4.3
Dodging        | 3 |  3.9
Unarmed Combat | 4 5 |  5.4
Transmutations | 3 4 |  4.3
Spellcasting   | |  2.0

Action                   |  1- 3 |  4- 6 |  7- 9 || total
-------------------------+-------+-------+-------++-------
Melee: Unarmed           |    77 |   178 |    67 ||   322
       Constrict         |    22 |    18 |       ||    40
       Tentacles         |     7 |    18 |       ||    25
       Punch             |     1 |     4 |       ||     5
 Cast: Beastly Appendage |     1 |       |       ||     1
       Spider Form       |       |    18 |    11 ||    29
  Use: Scroll            |       |     5 |       ||     5
       Potion            |       |       |     1 ||     1
 Stab: Sleeping          |     7 |     8 |       ||    15
Armor: Skin              |    10 |     8 |     6 ||    24
Dodge: Dodged            |    53 |   116 |    60 ||   229

Table legend: (Time is in decaauts)
 A = Elapsed time spent in this place.
 B = Non-inter-level travel time spent in this place.
 C = Inter-level travel time spent in this place.
 D = Time resting spent in this place.
 E = Time spent auto-exploring this place.
 F = Levels seen in this place.
 G = Mean time per level.
                   A        B        C        D        E       F      G
               +--------+--------+--------+--------+--------+-----+--------+
         Total |   7742 |   7435 |    307 |   1894 |   4688 |   7 | 1106.0 |
       Dungeon |   7370 |   7211 |    159 |   1894 |   4465 |   6 | 1228.3 |
        Temple |    372 |    224 |    148 |      0 |    223 |   1 |  372.0 |
               +--------+--------+--------+--------+--------+-----+--------+

Top non-repeatable levels by time:
     D:1: 2359 daAuts
     D:2: 1262 daAuts
     D:5: 1127 daAuts
     D:4: 1070 daAuts
     D:3: 839 daAuts
     D:6: 709 daAuts
  Temple: 372 daAuts
